 Seeded DCSS version 0.30.0 (webtiles) character file.

Game seed: 42069 (custom seed)

246 Ayyar the Grasshopper (level 6, -1/50 HPs)
             Began as a Gnoll Warper on Oct 16, 2023.
             Splashed by a jelly's acid (4 damage)
             ... on level 5 of the Dungeon.
             The game lasted 00:13:20 (3650 turns).

Ayyar the Grasshopper (Gnoll Warper)                Turns: 3650, Time: 00:13:20

Health: -1/50      AC: -10   Str: 12    XL:     6   Next: 11%
Magic:  8/14       EV: 13    Int: 13    God:
Gold:   153        SH:  0    Dex: 11    Spells: 10/15 levels left

rFire   . . .        a - +0 spear
rCold   . . .        (no shield)
rNeg    . . .        b - +0 leather armour
rPois   .            m - +1 hat
rElec   .            (no cloak)
rCorr   .            (no gloves)
SInv    .            g - +0 pair of boots
Will    .....        (no amulet)
Stlth   ++           k - ring of wizardry
HPRegen 0.28/turn    p - +4 ring of protection
MPRegen 0.14/turn

%: wizardry (x1)
@: corroded, attractive
A: fangs 1, strong nose, distributed training
a: no special abilities


You were on level 5 of the Dungeon.
You visited 1 branch of the dungeon, and saw 5 of its levels.

You collected 153 gold pieces.

Inventory:

Hand Weapons
 a - a +0 spear (weapon)
 l - a +0 glaive
Missiles
 d - 7 boomerangs of dispersal
 f - a throwing net
 q - 4 javelins (quivered)
Armour
 b - a +0 leather armour (worn)
 g - a +0 pair of boots (worn)
 m - a +1 hat (worn)
 o - a +0 helmet
 s - a +0 ring mail
Jewellery
 k - a ring of wizardry (left hand)
 p - a +4 ring of protection (right hand)
Wands
 r - a wand of paralysis (8)
 u - a wand of flame (22)
Scrolls
 c - a scroll of blinking
 e - 2 scrolls of identify {unknown}
 h - a scroll of fear {unknown}
 i - a scroll of immolation {unknown}
 n - 2 scrolls of teleportation {unknown}
 t - a scroll of enchant weapon {unknown}
 v - a scroll of noise {unknown}
 w - a scroll of butterflies {unknown}
 x - a scroll of silence {unknown}
 y - a scroll of vulnerability {unknown}
 z - a scroll of magic mapping {unknown}
 A - a scroll of amnesia {unknown}
Potions
 j - 4 potions of attraction


   Skills:
 + Level 4.9 Fighting
 + Level 1.9 Short Blades
 + Level 1.9 Long Blades
 + Level 1.9 Axes
 + Level 1.9 Maces & Flails
 + Level 4.9 Polearms
 + Level 1.9 Staves
 + Level 1.9 Ranged Weapons
 + Level 3.2 Throwing
 + Level 3.2 Armour
 + Level 4.9 Dodging
 + Level 1.9 Stealth
 + Level 1.9 Shields
 + Level 1.9 Unarmed Combat
 + Level 5.3 Spellcasting
 + Level 1.5 Conjurations
 + Level 1.5 Hexes
 + Level 1.5 Summonings
 + Level 1.5 Necromancy
 + Level 5.6 Translocations
 + Level 1.5 Transmutations
 + Level 1.5 Fire Magic
 + Level 1.5 Ice Magic
 + Level 1.5 Air Magic
 + Level 1.5 Earth Magic
 + Level 1.5 Poison Magic
 + Level 2.1 Invocations
 + Level 1.9 Evocations


You had 10 spell levels left.
You knew the following spells:

 Your Spells              Type           Power      Damage    Failure   Level
a - Teleport Other        Tloc           18%        N/A       2%          3
b - Passwall              Tmut/Erth      5%         N/A       8%          2

Your spell library contained the following spells:

 Spells                   Type           Power      Damage    Failure   Level
 Blink                    Tloc           36%        N/A       1%          2
 Lesser Beckoning         Tloc           36%        N/A       1%          2
 Momentum Strike          Conj/Tloc      24%        3d8       3%          2
 Magic Dart               Conj           28%        1d4       4%          1
 Sandblast                Erth           14%        2d6       4%          1
 Vhi's Electric Charge    Tloc/Air       24%        N/A       6%          3
 Call Imp                 Summ           14%        N/A       8%          2
 Manifold Assault         Tloc           18%        N/A       9%          4
 Mephitic Cloud           Conj/Pois/Air  7%         N/A       16%         3
 Stone Arrow              Conj/Erth      14%        3d7       16%         3


Dungeon Overview and Level Annotations

Branches:
Dungeon (5/15)
 Temple: D:4-7

Altars:
Cheibriados
Vehumet
Yredelemnul

Annotations:
D:5 3 runed translucent doors


Innate Abilities, Weirdness & Mutations

You have very sharp teeth.
Your uncanny sense of smell can sniff out nearby items.
Your experience applies equally to all skills.


Message History

You have reached level 6!
You hit the jelly.
Your hands burn!
The jelly is lightly wounded.
The jelly misses you.
You hit the jelly.
Your hands burn!
The jelly is moderately wounded.
The jelly hits you. The acid corrodes you!
You are splashed with acid.
You hit the jelly.
Your hands burn!
You bite the jelly, but do no damage.
The jelly is severely wounded.
The jelly hits you.
You are splashed with acid!
The worm closely misses you.
Casting: Teleport Other (dangerous; 2% risk of failure)
Confirm with . or Enter, or press ? or * to list all spells.
Aiming: Teleport Other (dangerous; 2% risk of failure)
Press: ? - help, Shift-Dir - straight line, f - worm
Aim: a worm (chance to affect: 67%)
The worm struggles to resist.
The jelly hits you but does no damage.
Casting: Teleport Other (dangerous; 2% risk of failure)
Confirm with . or Enter, or press ? or * to list all spells.
Aiming: Teleport Other (dangerous; 2% risk of failure)
Press: ? - help, Shift-Dir - straight line, f/p - worm
Aim: a worm (chance to affect: 67%)
The worm looks slightly unstable.
The worm closely misses you. The jelly hits you. The acid corrodes you!
You are splashed with acid.
The worm disappears!
The jelly attacks as you move away! The jelly misses you.
You hit the jelly but do no damage. The acid corrodes you!
Your hands burn!
* * * LOW HITPOINT WARNING * * *
The jelly is severely wounded.
The jelly hits you.
* * * LOW HITPOINT WARNING * * *
The acid corrodes you!
You are splashed with acid!
* * * LOW HITPOINT WARNING * * *
You hit the jelly but do no damage. The acid corrodes you!
Your hands burn!
* * * LOW HITPOINT WARNING * * *
The jelly is severely wounded.
It was a potion of attraction.
You feel attractive to monsters. The jelly misses you.
You hit the jelly but do no damage.
Your hands burn!
You die...

##...#####....##..##
#.............## .# #
∆##............#
....#.................#
#....................
#....#†..............
.......#...............
......h##J....###..#...
#...J..#.@..##.....##..
#...#......## ...... ..
##.##.......# ..
###.....#.... ###..#
..... ### .#.....
.#..... ...PP..


You could see a jelly.

Vanquished Creatures
  A scorpion (D:5)
  A hound (D:5)
  An iguana (D:5)
  An orc wizard (D:4)
  An adder (D:3)
  A white imp (D:4)
  2 worms (D:2)
  3 dart slugs
  11 orcs
  6 bats
  4 endoplasms
  2 giant cockroaches
  4 goblins
  6 hobgoblins
  4 jackals
  2 quokkas
  5 ball pythons
  A frilled lizard (D:1)
  9 kobolds
  7 rats
72 creatures vanquished.

Notes
Turn   | Place    | Note
-------+----------+-------------------------------------------
     0 | D:1      | Ayyar the Gnoll Warper began the quest for the Orb.
     0 | D:1      | Reached XP level 1. HP: 20/20 MP: 6/6
   144 | D:1      | Reached XP level 2. HP: 26/26 MP: 7/7
   573 | D:1      | Reached skill level 5 in Spellcasting
   573 | D:1      | Reached XP level 3. HP: 31/31 MP: 7/9
   577 | D:1      | Learned a level 3 spell: Teleport Other
   937 | D:2      | Reached skill level 1 in Invocations
  1196 | D:2      | Reached skill level 1 in Short Blades
  1196 | D:2      | Reached skill level 1 in Long Blades
  1196 | D:2      | Reached skill level 1 in Axes
  1196 | D:2      | Reached skill level 1 in Maces & Flails
  1196 | D:2      | Reached skill level 1 in Staves
  1196 | D:2      | Reached skill level 1 in Ranged Weapons
  1196 | D:2      | Reached skill level 1 in Stealth
  1196 | D:2      | Reached skill level 1 in Shields
  1196 | D:2      | Reached skill level 1 in Unarmed Combat
  1196 | D:2      | Reached skill level 1 in Evocations
  1756 | D:3      | Reached XP level 4. HP: 32/38 MP: 11/11
  2042 | D:3      | Reached skill level 1 in Conjurations
  2042 | D:3      | Reached skill level 1 in Hexes
  2042 | D:3      | Reached skill level 1 in Summonings
  2042 | D:3      | Reached skill level 1 in Necromancy
  2042 | D:3      | Reached skill level 1 in Transmutations
  2042 | D:3      | Reached skill level 1 in Fire Magic
  2042 | D:3      | Reached skill level 1 in Ice Magic
  2042 | D:3      | Reached skill level 1 in Air Magic
  2042 | D:3      | Reached skill level 1 in Earth Magic
  2042 | D:3      | Reached skill level 1 in Poison Magic
  2610 | D:4      | Found a radiant altar of Vehumet.
  3131 | D:4      | Reached XP level 5. HP: 26/43 MP: 12/12
  3289 | D:4      | Found a snail-covered altar of Cheibriados.
  3319 | D:4      | Found a basalt altar of Yredelemnul.
  3425 | D:5      | Entered Level 5 of the Dungeon
  3425 | D:5      | Found a runed translucent gate.
  3425 | D:5      | Found a runed translucent gate.
  3425 | D:5      | Found a runed translucent gate.
  3464 | D:5      | Learned a level 2 spell: Passwall
  3640 | D:5      | Reached XP level 6. HP: 50/50 MP: 14/14
  3648 | D:5      | HP: 2/50 [acid (2)]
  3650 | D:5      | Splashed by a jelly's acid

Illustrated notes

Levels and vault maps discovered:
D:1:      minmay_arrival_stone_box, layout_basic
D:2:      layout_basic, minmay_pentomino_q4
D:3:      layout_basic
D:4:      layout_loops_ring, vehumet_altar_wand_db,
          mainiacjoe_overflow_two_lobes
D:5:      layout_cave_pools, fedhas_altar_3, gammafunk_ghost_icy,
          hangedman_minor_gate_pass

Skill      XL: |  1  2  3  4  5 |
---------------+----------------+-----
Spellcasting   | 5 |  5.3
Invocations    | 1 2 |  2.1
Short Blades   | 1 |  1.9
Long Blades    | 1 |  1.9
Axes           | 1 |  1.9
Maces & Flails | 1 |  1.9
Staves         | 1 |  1.9
Ranged Weapons | 1 |  1.9
Stealth        | 1 |  1.9
Shields        | 1 |  1.9
Unarmed Combat | 1 |  1.9
Evocations     | 1 |  1.9
Conjurations   | 1 |  1.5
Hexes          | 1 |  1.5
Summonings     | 1 |  1.5
Necromancy     | 1 |  1.5
Transmutations | 1 |  1.5
Fire Magic     | 1 |  1.5
Ice Magic      | 1 |  1.5
Air Magic      | 1 |  1.5
Earth Magic    | 1 |  1.5
Poison Magic   | 1 |  1.5
Throwing       | 3 |  3.2
Armour         | 3 |  3.2
Fighting       | |  4.9
Polearms       | |  4.9
Dodging        | |  4.9
Translocations | |  5.6

Action                     |  1- 3 |  4- 6 || total
---------------------------+-------+-------++-------
  Melee: Spear             |   199 |   209 ||   408
         Bite              |    11 |    16 ||    27
         Punch             |     2 |       ||     2
  Throw: Javelin           |       |     9 ||     9
   Cast: Teleport Other    |       |     4 ||     4
    Use: Potion            |       |     1 ||     1
   Stab: Sleeping          |     1 |     1 ||     2
 Armour: Leather armour    |    36 |    57 ||    93
  Dodge: Dodged            |    98 |    84 ||   182
